 Dungeon Crawl Stone Soup version 0.30-a0-360-g447f08457e (webtiles) character file.

Game seed: 17998451637483142879

271 oldriver the Magician (level 6, -7/46 HPs)
             Began as a Mummy Necromancer on Nov 14, 2022.
             Mangled by Duvessa
             ... wielding a +0 short sword
              (12 damage)
             ... on level 4 of the Dungeon.
             The game lasted 00:03:42 (3125 turns).

oldriver the Magician (Mummy Necromancer)           Turns: 3125, Time: 00:03:43

Health: -7/46      AC:  2    Str: 11    XL:     6   Next: 2%
Magic:  11/14      EV: 12    Int: 16    God:
Gold:   141        SH:  0    Dex: 13    Spells: 12/16 levels left

rFire   x . .      SeeInvis .    f - +0 sling
rCold   + . .      Faith    +    (no shield)
rNeg    + + +      Spirit   .    a - +0 robe
rPois   ∞          Reflect  .    (no helmet)
rElec   .          Harm     .    (no cloak)
rCorr   .          Rampage  .    (no gloves)
Will    .....                    (no boots)
Stlth   +.........               (no amulet)
HPRegen 0.27/turn                (no ring)
MPRegen 0.14/turn                (no ring)

@: silenced
A: cold resistance 1, negative energy resistance 3, torment resistance 2, heat
vulnerability 1, in touch with death 1, no potions, faith
a: no special abilities


You were on level 4 of the Dungeon.
You visited 1 branch of the dungeon, and saw 4 of its levels.

You collected 141 gold pieces.

Inventory:

Hand Weapons
 f - a +0 sling (weapon)
Armour
 a - a +0 robe (worn)
Jewellery
 i - a ring of ice
Wands
 h - a wand of polymorph (10)
Scrolls
 b - a scroll of enchant weapon {unknown}
 c - 4 scrolls of identify
 e - a scroll of blinking {unknown}


   Skills:
 + Level 2.7 Fighting
 - Level 1.5 Dodging
 - Level 1.5 Stealth
 * Level 5.8 Spellcasting
 + Level 5.0 Necromancy


You had 12 spell levels left.
You knew the following spells:

 Your Spells              Type           Power      Damage    Failure   Level
a - Necrotise             Necr           100%       1d9       1%          1
b - Vampiric Draining     Necr           31%        2d8       5%          3

Your spell library contained the following spells:

 Spells                   Type           Power      Damage    Failure   Level
 Animate Dead             Necr           31%        N/A       19%         4
 Agony                    Necr           31%        N/A       45%         5


Dungeon Overview and Level Annotations

Branches:
Dungeon (4/15)
 Temple: D:4-7

Altars:
Hepliaklqana
Kikubaaqudgha

Shops:
D:1 :   D:4 :

Annotations:
D:4 1 runed translucent door, Crazy Yiuf, Duvessa


Innate Abilities, Weirdness & Mutations

You are immune to poison.
Your flesh is cold resistant. (rC+)
You are immune to negative energy. (rN+++)
You are immune to unholy pain and torment.
You are vulnerable to heat. (rF-)
You are in touch with the powers of death.
You do not drink.
You have a special connection with the divine. (Faith)


Message History

You have reached level 6!
As you read the scroll labelled XALAMA QOERPH, it crumbles to dust.
It is a scroll of identify.
d - a scroll of poison Duvessa goes berserk!
The air fills with toxic fumes!
As you read the scroll of poison, it crumbles to dust.
Duvessa is engulfed in poison gas.
Duvessa is poisoned.
Duvessa looks even sicker.
Duvessa attacks as you move away! Duvessa hits you with a +0 short sword!
Duvessa looks even sicker.
Duvessa looks as sick as possible!
Duvessa hits you with a +0 short sword. Duvessa attacks as you move away!
Duvessa closely misses you.
Duvessa is engulfed in poison gas.
Duvessa looks as sick as possible!
Duvessa rages.
Unknown command.
Duvessa is engulfed in poison gas.
Duvessa looks as sick as possible!
Duvessa is engulfed in poison gas.
Duvessa looks as sick as possible!
Duvessa hits you with a +0 short sword!
As you read the scroll labelled AMERUPIESI, it crumbles to dust.
A profound silence engulfs you.
It was a scroll of silence.
Duvessa is engulfed in poison gas.
Duvessa looks as sick as possible!
Duvessa hits you with a +0 short sword!
* * * LOW HITPOINT WARNING * * *
Magic scrolls do not work when you're silenced!
Duvessa is engulfed in poison gas.
Duvessa looks as sick as possible!
Duvessa is engulfed in poison gas.
Duvessa looks as sick as possible!
Duvessa hits you with a +0 short sword.
* * * LOW HITPOINT WARNING * * *
Duvessa is engulfed in poison gas.
Duvessa looks as sick as possible!
Duvessa attacks as you move away! Duvessa closely misses you.
Duvessa is engulfed in poison gas.
Duvessa looks as sick as possible!
Duvessa is engulfed in poison gas.
Duvessa looks as sick as possible!
Duvessa closely misses you.
Duvessa is engulfed in poison gas.
Duvessa looks as sick as possible!
Duvessa rages.
Duvessa is engulfed in poison gas.
Duvessa looks as sick as possible!
Duvessa closely misses you. Duvessa hits you with a +0 short sword!
You die...

###
#...8#☼☼######..#
# ##..○§## ..#
#..☼☼## .# #.§.##
.# #..§# ##Z..#
##....# #e...##
#@#.## #.#### #.#
#.. #.. #..# #...
...


You could see Duvessa (berserk, extremely poisoned, ally target) and the
friendly Dowan the elf skeleton.

Vanquished Creatures
  Dowan (D:4)
  An iguana (D:3)
  Natasha (thrice) (D:2)
  3 gnolls (D:3)
  4 adders
  A dart slug (D:1)
  3 orcs (D:3)
  6 ball pythons
  3 endoplasms
  2 giant cockroaches (D:1)
  4 goblins
  3 hobgoblins
  2 jackals (D:1)
  6 quokkas
  5 bats
  2 frilled lizards (D:3)
  2 kobolds (D:1)
  3 rats
54 creatures vanquished.

Vanquished Creatures (collateral kills)
  2 endoplasms (D:1)
  A ball python (D:1)
  A rat (D:1)
4 creatures vanquished.

Grand Total: 58 creatures vanquished

Notes
Turn   | Place    | Note
-------+----------+-------------------------------------------
     0 | D:1      | oldriver the Mummy Necromancer began the quest for the Orb.
     0 | D:1      | Reached XP level 1. HP: 13/13 MP: 4/4
   209 | D:1      | Reached XP level 2. HP: 2/20 MP: 1/6
   571 | D:1      | Reached skill level 1 in Fighting
  1033 | D:1      | Gained mutation: You are in touch with the powers of death.
                  | [Mummy growth]
  1033 | D:1      | Reached XP level 3. HP: 26/26 MP: 5/8
  1085 | D:1      | Found Tist's Book Boutique.
  1330 | D:2      | Found a faded altar of an unknown god.
  1436 | D:2      | Noticed Natasha
  1440 | D:2      | Killed Natasha
  1441 | D:2      | Reached XP level 4. HP: 32/32 MP: 7/10
  1456 | D:2      | Noticed Natasha
  1458 | D:2      | Killed Natasha
  1481 | D:2      | Noticed Natasha
  1485 | D:2      | Killed Natasha
  1569 | D:2      | Learned a level 3 spell: Vampiric Draining
  1998 | D:3      | Reached XP level 5. HP: 38/38 MP: 8/12
  2002 | D:3      | Reached skill level 5 in Spellcasting
  2493 | D:3      | Found a hazy altar of Hepliaklqana.
  2667 | D:3      | Found an ancient bone altar of Kikubaaqudgha.
  2991 | D:4      | Found a runed translucent door.
  2992 | D:4      | Noticed Crazy Yiuf
  3096 | D:4      | Found Wouluecs's Book Shoppe.
  3107 | D:4      | Noticed Dowan
  3109 | D:4      | Noticed Duvessa
  3111 | D:4      | Killed Dowan
  3112 | D:4      | Reached skill level 5 in Necromancy
  3112 | D:4      | Reached XP level 6. HP: 46/46 MP: 9/14
  3125 | D:4      | Mangled by Duvessa

Illustrated notes

Levels and vault maps discovered:
D:1:      minmay_arrival_cross, layout_loops_ring, serial_shops,
          nicolae_shop_crystal, minmay_pentomino_q4
D:2:      layout_basic, hellmonk_ecumenical_altar_inner_sanctum,
          hangedman_decor_lopped, grunt_decor_one_mirror, uniq_natasha
D:3:      layout_loops_ring, good_gods_temple_1, marbit_many_paths,
          mainiacjoe_overflow_24_doors
D:4:      layout_cave_pods, nicolae_dithmenos_the_darkroom, serial_shops,
          nicolae_shop_statue_plus, uniq_duvessa, uniq_robin,
          uniq_crazy_yiuf_cottage

Skill      XL: |  1  2  3  4  5 |
---------------+----------------+-----
Spellcasting   | 3 4 5 |  5.8
Fighting       | 1 2 |  2.7
Necromancy     | 5 |  5.0
Dodging        | |  1.5
Stealth        | |  1.5

Action                   |  1- 3 |  4- 6 || total
-------------------------+-------+-------++-------
Melee: Unarmed           |    17 |       ||    17
 Cast: Necrotise         |    64 |    58 ||   122
  Use: Scroll            |       |     3 ||     3
Armor: Robe              |     5 |     1 ||     6
Dodge: Dodged            |    32 |    11 ||    43

Table legend: (Time is in decaauts)
 A = Elapsed time spent in this place.
 B = Non-inter-level travel time spent in this place.
 C = Inter-level travel time spent in this place.
 D = Time resting spent in this place.
 E = Time spent auto-exploring this place.
 F = Levels seen in this place.
 G = Mean time per level.
                   A        B        C        D        E       F      G
               +--------+--------+--------+--------+--------+-----+--------+
         Total |   3123 |   3033 |     90 |    250 |   2413 |   4 |  780.8 |
       Dungeon |   3123 |   3033 |     90 |    250 |   2413 |   4 |  780.8 |
               +--------+--------+--------+--------+--------+-----+--------+

Top non-repeatable levels by time:
     D:1: 1162 daAuts
     D:3: 1006 daAuts
     D:2: 696 daAuts
     D:4: 258 daAuts
